 Dungeon Crawl Stone Soup version 0.29.0-4-gdea44cf6ec (webtiles) character file.

Game seed: 10710985103188279123

42 qw the Chopper (level 3, 0/21 HPs)
             Began as a Tengu Warper on Aug 28, 2022.
             Slain by Sigmund
             ... wielding a +0 scythe
              (5 damage)
             ... on level 2 of the Dungeon.
             The game lasted 00:00:08 (1596 turns).

qw the Chopper (Tengu Warper)                       Turns: 1596, Time: 00:00:09

Health: 0/21       AC:  5    Str: 13    XL:     3   Next: 56%
Magic:  7/7        EV: 11    Int: 13    God:
Gold:   56         SH:  0    Dex: 13    Spells: 6/6 levels left

rFire   . . .      SeeInvis .   Y - +0 hand axe
rCold   . . .      Faith    .   (no shield)
rNeg    . . .      Spirit   .   d - +0 ring mail
rPois   .          Reflect  .   (helmet restricted)
rElec   .          Harm     .   (no cloak)
rCorr   .          Rampage  .   (no gloves)
Will    .....                   (boots unavailable)
Stlth   +.........              (no amulet)
HPRegen 0.07/turn               (no ring)
MPRegen 0.10/turn               (no ring)

@: no status effects
A: beak, talons 3
a: no special abilities


You were on level 2 of the Dungeon.
You visited 1 branch of the dungeon, and saw 2 of its levels.

You collected 56 gold pieces.


Innate Abilities, Weirdness & Mutations

You have a beak for a mouth.
You have claws for feet.


   Skills:
 - Level 2.0 Fighting
 + Level 4.2 Axes
 - Level 1.0 Throwing
 - Level 1.1 Armour
 - Level 2.1 Dodging
 - Level 2.0 Spellcasting
 - Level 2.4 Translocations


You had 6 spell levels left.
You didn't know any spells.
Your spell library contained the following spells:

 Spells                   Type           Power      Damage    Failure   Level
 Blink                    Tloc           14%        N/A       30%         2
 Gell's Gravitas          Tloc           7%         N/A       52%         3
 Lesser Beckoning         Tloc           7%         N/A       52%         3
 Teleport Other           Tloc           7%         N/A       52%         3
 Manifold Assault         Tloc           7%         N/A       99%         5

Inventory:

Hand Weapons
 a - a +0 club
 Y - a +0 hand axe (weapon)
Armour
 d - a +0 ring mail (worn)
Jewellery
 i - a ring of protection from fire
Scrolls
 c - a scroll of teleportation {unknown}
 j - a scroll of magic mapping {unknown}
Potions
 b - 2 potions of heal wounds {unknown}
 e - 2 potions of ambrosia {unknown}
 f - a potion of magic {unknown}
 g - a potion of haste {unknown}
 h - a potion of brilliance {unknown}
 k - a potion of lignification {unknown}

Dungeon Overview and Level Annotations

Branches:
Dungeon (2/15)

Altars:

Shops:
D:1 (

Annotations:
D:2 Sigmund


Message History

You closely miss the rat. You claw the rat.
You kill the rat!
There is an escape hatch in the ceiling here.
You open the door.
There is an open door here.
Sigmund the Dreaded comes into view.
He is wielding a +0 scythe.
Sigmund shouts!
Sigmund points at you and mumbles some strange words.
The puff of flame misses you.
Enter note:
1585 ||| Stepping ~*~*~tactically~*~*~ (hiding).
You start waiting.
Sigmund is nearby!
Sigmund closely misses you. Sigmund barely misses you.
You barely miss Sigmund. You claw Sigmund.
Sigmund is lightly wounded.
You closely miss Sigmund.
Sigmund is lightly wounded.
Sigmund hits you but does no damage.
You hit Sigmund but do no damage. You claw Sigmund.
Sigmund is lightly wounded.
Sigmund gestures at you while chanting. The puff of flame hits you!
You hit Sigmund. Your kick misses Sigmund.
Sigmund is lightly wounded.
Sigmund misses you.
You closely miss Sigmund.
Sigmund is lightly wounded.
Sigmund hits you with a +0 scythe!
You barely miss Sigmund. You claw Sigmund!
Sigmund is heavily wounded.
You hit Sigmund. You claw Sigmund.
Sigmund is almost dead.
Sigmund gestures wildly while chanting.
Sigmund flickers and vanishes!
Deactivating autopickup; reactivate with Ctrl-A.
You miss something. Something hits you.
You die...

# ####.#######
......{....#
#...@.# #
#####.#.#.#
#.#######.#.#.# .#
#...........#.# .#
#.#######'###.##.#
#...##.##.##.#
#...##.##.##.#
#...##.##.##.#..
#...##.##.##.#.#


There were no monsters in sight!

Vanquished Creatures
  3 endoplasms
  A giant cockroach (D:2)
  A goblin (D:2)
  3 hobgoblins
  7 jackals (D:1)
  9 ball pythons
  3 bats
  4 frilled lizards
  3 kobolds
  4 rats
38 creatures vanquished.

Notes
Turn   | Place    | Note
-------+----------+-------------------------------------------
     0 | D:1      | qw the Tengu Warper began the quest for the Orb.
     0 | D:1      | Reached XP level 1. HP: 12/12 MP: 4/4
     0 | D:1      | 0 ||| qw: Version: 0.1-a-89-g26bdef1
     0 | D:1      | 0 ||| qw: Game counter: 43
     0 | D:1      | 0 ||| qw: Always use a shield: true
     0 | D:1      | 0 ||| qw: God list: Okawaru
     0 | D:1      | 0 ||| qw: Allow faded altars: false
     0 | D:1      | 0 ||| qw: Do Orc after D:15 true
     0 | D:1      | 0 ||| qw: Do second Lair branch before Depths: true
     0 | D:1      | 0 ||| qw: Lair rune preference: random
     0 | D:1      | 0 ||| qw: Plans: Normal
     0 | D:1      | 0 ||| PLANNING D:1-11
    40 | D:1      | Found Xauzum's Weapon Boutique.
   128 | D:1      | 128 ||| SHOPLISTING +0 whip (35 gold, have 6).
   409 | D:1      | Reached skill level 3 in Axes
   409 | D:1      | Reached XP level 2. HP: 17/17 MP: 6/6
   465 | D:1      | 465 ||| Stepping ~*~*~tactically~*~*~ (stealth).
   722 | D:1      | Reached XP level 3. HP: 18/21 MP: 7/7
  1173 | D:1      | 1173 ||| UPGRADING to +0 ring mail.
  1183 | D:1      | 1183 ||| DROPPING +0 leather armour.
  1184 | D:1      | 1184 ||| READING scroll labelled DYNELE TUUX RUPP.
  1185 | D:1      | 1185 ||| READING scroll labelled KIGHOU RUTAD GIZE.
  1186 | D:1      | 1186 ||| DRINKING 2 fuming cyan potions.
  1187 | D:1      | 1187 ||| DROPPING scroll of blinking.
  1188 | D:1      | 1188 ||| DROPPING potion of attraction.
  1298 | D:2      | Reached skill level 4 in Axes
  1584 | D:2      | Noticed Sigmund
  1585 | D:2      | 1585 ||| Stepping ~*~*~tactically~*~*~ (hiding).
  1593 | D:2      | HP: 5/21 [Sigmund/+0 scythe (8)]
  1596 | D:2      | Slain by Sigmund

Levels and vault maps discovered:
D:1:      erik_arrival_orb_chamber, layout_basic, serial_shops,
          nicolae_shop_bloodbath_and_beyond
D:2:      layout_basic, corner_web_ring, uniq_sigmund

Skill      XL: |  1  2  3 |
---------------+----------+-----
Axes           | 3 4 |  4.2
Fighting       | |  2.0
Throwing       | |  1.0
Armour         | |  1.1
Dodging        | |  2.1
Spellcasting   | |  2.0
Translocations | |  2.4

Action                   || total
-------------------------++-------
Melee: Hand axe          ||    73
       Kick              ||    21
       Peck              ||     9
Throw: Boomerang         ||     7
  Use: Scroll            ||     2
       Potion            ||     1
Armor: Leather armour    ||     5
       Ring mail         ||     1
Dodge: Dodged            ||    48

Table legend:
 A = Non-vault XP
 B = Vault XP
 C = Vault XP percentage of total XP
 D = Non-vault monster count
 E = Vault monster count
 F = Vault count percentage of total count
                 A         B        C        D         E       F
            +---------+---------+-------+---------+---------+-------
      Total |      61 |       0 |   0.0 |      38 |       0 |   0.0
            +---------+---------+-------+---------+---------+-------
        D:1 |      39 |       0 |   0.0 |      24 |       0 |   0.0
        D:2 |      22 |       0 |   0.0 |      14 |       0 |   0.0
            +---------+---------+-------+---------+---------+-------
